 Dungeon Crawl Stone Soup version 0.31-a0-217-g58bb5d7 (webtiles) character file.

Game seed: 7006915849229091153

18764 lyrin the Markself (level 12, -4/76 HPs)
             Began as a Deep Elf Hunter on July 2, 2023.
             Was a Priest of Fedhas.
             Slain by a large slime creature (30 damage)
             ... on level 11 of the Dungeon.
             The game lasted 00:33:07 (14676 turns).

lyrin the Markself (Deep Elf Hunter)               Turns: 14676, Time: 00:33:07

Health: -4/76      AC: 10    Str:  8    XL:     12   Next: 30%
Magic:  0/24       EV: 16    Int: 18    God:    Fedhas [***...]
Gold:   921        SH:  0    Dex: 20    Spells: 25/25 levels left

rFire   . . .        v - +0 orcbow
rCold   + . .        (shield currently unavailable)
rNeg    . . .        O - +1 steam dragon scales
rPois   .            (no helmet)
rElec   .            S - +2 cloak
rCorr   +            (no gloves)
SInv    .            E - +0 pair of boots
Will    +....        K - amulet of guardian spirit
Stlth   +++          i - ring of resist corrosion
HPRegen 0.32/turn    r - ring of protection from cold
MPRegen 0.19/turn

%: guardian spirit
@: no status effects
A: no striking features
a: Renounce Religion, Wall of Briars, Grow Ballistomycete


You were on level 11 of the Dungeon.
You worshipped Fedhas.
Fedhas was most pleased with you.
You visited 3 branches of the dungeon, and saw 14 of its levels.
You also visited: Sewer.

You collected 921 gold pieces.

Inventory:

Hand Weapons
 v - a +0 orcbow (weapon)
 D - a +4 scimitar of flaming
 Q - a +7 double sword
Missiles
 e - 13 poisoned darts
 f - 5 silver javelins
Armour
 E - a +0 pair of boots (worn)
 O - +1 steam dragon scales (worn)
 S - a +2 cloak (worn)
Jewellery
 i - a ring of resist corrosion (left hand)
 r - a ring of protection from cold (right hand)
 z - a ring of magical power
 H - a ring of flight
 K - an amulet of guardian spirit (around neck)
Wands
 h - a wand of polymorph (4)
 t - a wand of roots (18)
 A - a wand of acid (2)
 F - a wand of flame (62)
Scrolls
 a - a scroll of amnesia {unknown}
 b - a scroll of butterflies
 c - a scroll of enchant armour
 g - 2 scrolls of fear
 l - a scroll of acquirement {unknown}
 o - 6 scrolls of teleportation
 p - 3 scrolls of fog
 w - 3 scrolls of revelation
 y - a scroll of immolation {unknown}
 G - 2 scrolls of vulnerability {unknown}
 J - 4 scrolls of blinking
 L - a scroll of poison {unknown}
 N - a scroll of silence {unknown}
 P - a scroll of enchant weapon {unknown}
 R - a scroll of brand weapon {unknown}
Potions
 d - 2 potions of invisibility {unknown}
 k - 4 potions of haste {unknown}
 m - a potion of degeneration {unknown}
 n - 2 potions of lignification {unknown}
 q - 2 potions of brilliance {unknown}
 s - 2 potions of resistance
 u - a potion of curing
 x - 4 potions of mutation {unknown}
 B - 3 potions of heal wounds {unknown}
 C - 2 potions of cancellation {unknown}
 I - a potion of enlightenment {unknown}
 M - a potion of berserk rage {unknown}


   Skills:
 + Level 9.5 Fighting
 - Level 16.0 Ranged Weapons
 + Level 0.1 Throwing
 - Level 3.0 Armour
 + Level 6.6 Dodging
 + Level 3.7 Stealth
 - Level 7.0 Spellcasting
 * Level 9.9 Invocations
 - Level 0.7 Evocations


You had 25 spell levels left.
You didn't know any spells.
Your spell library contained the following spells:

 Spells                   Type           Power      Damage    Failure   Level
 Apportation              Tloc           12%        N/A       11%         1
 Necrotise                Necr           24%        1d5       11%         1
 Summon Small Mammal      Summ           24%        N/A       11%         1
 Summon Guardian Golem    Hex/Summ       6%         N/A       32%         3
 Cause Fear               Hex            3%         N/A       71%         4
 Dragon Form              Tmut           3%         N/A       100%        7
 Orb of Destruction       Conj           3%         9d5       100%        7
 Spellforged Servitor     Conj/Summ      3%         N/A       100%        7
 Dragon's Call            Summ           3%         N/A       100%        9


Dungeon Overview and Level Annotations

Branches:
Dungeon (12/15)            Temple (1/1) D:4            Lair (1/5) D:9
    Orc (0/2) D:11          Sewer (visited)

Altars:
Ashenzari
Cheibriados
Dithmenos
Elyvilon
Fedhas
Gozag
Hepliaklqana
Kikubaaqudgha
Makhleb
Nemelex Xobeh
Okawaru
Qazlal
Ru
Sif Muna
Trog
Uskayaw
Vehumet
Wu Jian
Xom
Yredelemnul
Zin
The Shining One

Shops:
D:6 ?   D:10 *

Annotations:
D:3 Grinder


Message History

The puff of flame hits the large slime creature.
The large slime creature is severely wounded.
The large slime creature barely misses you.
Unknown command.
Aiming: Throw Flame
Press: ? - help, Shift-Dir - straight line, f/p - large slime creature
Aim: a large slime creature (severely wounded, 93% to hit)
The puff of flame hits the large slime creature.
The large slime creature is severely wounded.
The large slime creature closely misses you.
Unknown command.
Aiming: Throw Flame
Press: ? - help, Shift-Dir - straight line, f/p - large slime creature
Aim: a large slime creature (severely wounded, 93% to hit)
The puff of flame hits the large slime creature.
The large slime creature is severely wounded.
The large slime creature hits you!
Unknown command.
Aiming: Throw Flame
Press: ? - help, Shift-Dir - straight line, f/p - large slime creature
Aim: a large slime creature (severely wounded, 93% to hit)
The puff of flame hits the large slime creature!
The large slime creature is almost dead.
The large slime creature misses you.
Okay, then.
Unknown command.
Unknown command.
Okay, then.
You feel better.
The large slime creature closely misses you.
Aiming: Throw Flame
Press: ? - help, Shift-Dir - straight line, f/p - large slime creature
Aim: a large slime creature (almost dead, 93% to hit)
The puff of flame hits the large slime creature!
The large slime creature is almost dead.
The large slime creature hits you!!
* * * LOW HITPOINT WARNING * * *
You feel better. The large slime creature hits you!!
You die...
Fedhas appreciates your contribution to the ecosystem.

..........#####.#
..........# #.####
..........# ##....#
###.#####.####.....#
....# #.##...##..#
#.### #.##)#.#...#
#.#######.##.#.#####
#....<.[..##.#####
...............J@#
#.###.############
......# #.##### #.#
..# ###


You could see a large slime creature.

Vanquished Creatures
  Erica (D:9)
  A two-headed ogre (D:8)
  Urug (D:10)
  Amaemon (D:10)
  A skeletal warrior (D:11)
  Maurice (D:9)
  A cyclops (D:11)
  An elephant (Lair:1)
  An orange demon (D:10)
  3 trolls
  2 slime creatures (D:10)
  A wyvern (D:10)
  2 wraiths (D:9)
  38 yaks
  A steam dragon (D:8)
  Menkaure (D:7)
  An acid dragon (D:10)
  3 water moccasins
  3 sky beasts
  9 orc warriors
  Pargi (Sewer)
  An ice beast (D:7)
  3 black bears
  4 ogres
  3 centaurs
  2 kobold brigands
  A phantom (D:6)
  8 bullfrogs
  3 scorpions
  3 gnoll sergeants
  12 wights
  A howler monkey (D:8)
  3 hounds
  2 jellies (D:5)
  9 orc priests
  7 iguanas
  10 orc wizards
  19 gnolls
  10 adders
  A river rat (D:6)
  2 shadow imps (D:7)
  4 ufetubi
  2 worms
  3 dart slugs
  56 orcs
  8 endoplasms
  3 giant cockroaches
  8 hobgoblins
  6 quokkas
  12 ball pythons
  5 bats
  4 frilled lizards
  7 goblins
  22 kobolds
  5 rats
323 creatures vanquished.

Vanquished Creatures (collateral kills)
  Sonja (Lair:1)
  An elephant (Lair:1)
  A komodo dragon (Lair:1)
  A yak (Lair:1)
  A wyvern (D:8)
  A water moccasin (Lair:1)
  4 wights
  8 ballistomycete spores
18 creatures vanquished.

Vanquished Creatures (others)
  An orc (D:9)
  2 ballistomycete spores (D:10)
3 creatures vanquished.

Grand Total: 344 creatures vanquished

Notes
Turn   | Place    | Note
-------+----------+-------------------------------------------
     0 | D:1      | lyrin the Deep Elf Hunter began the quest for the Orb.
     0 | D:1      | Reached XP level 1. HP: 12/12 MP: 3/3
    73 | D:1      | Reached XP level 2. HP: 17/17 MP: 4/4
   229 | D:1      | Reached skill level 6 in Ranged Weapons
   384 | D:1      | Reached XP level 3. HP: 21/21 MP: 5/5
  1047 | D:2      | Reached XP level 4. HP: 26/26 MP: 6/6
  1305 | D:3      | Noticed a scorpion
  1320 | D:3      | Killed a scorpion
  1321 | D:3      | Reached skill level 7 in Ranged Weapons
  1363 | D:3      | Reached XP level 5. HP: 19/31 MP: 7/7
  1564 | D:3      | Noticed Grinder
  1629 | D:3      | Found a snail-covered altar of Cheibriados.
  1637 | D:3      | Found a bloodstained altar of Trog.
  2323 | D:4      | Noticed an ogre
  2331 | D:4      | Killed an ogre
  2332 | D:4      | Reached skill level 8 in Ranged Weapons
  2397 | D:4      | Reached XP level 6. HP: 36/36 MP: 8/8
  2756 | D:4      | Found a staircase to the Ecumenical Temple.
  2768 | Temple   | Entered the Ecumenical Temple
  2899 | Temple   | Became a worshipper of Fedhas Madash
  3007 | D:4      | Reached skill level 1 in Armour
  3182 | D:4      | Found a broken altar of Ashenzari.
  3436 | D:5      | Entered Level 5 of the Dungeon
  3443 | D:5      | Reached skill level 9 in Ranged Weapons
  3464 | D:5      | Found a sacrificial altar of Ru.
  3508 | D:5      | Reached XP level 7. HP: 20/42 MP: 9/9
  3944 | D:5      | Reached skill level 1 in Invocations
  4437 | D:5      | Reached skill level 10 in Ranged Weapons
  4472 | D:5      | Reached * piety under Fedhas
  4550 | D:5      | Found a glowing silver altar of Zin.
  4603 | D:5      | Reached XP level 8. HP: 23/48 MP: 12/12
  5097 | D:6      | Found Jinur's Magic Scroll Shop.
  5131 | D:6      | Reached skill level 11 in Ranged Weapons
  5703 | D:6      | Reached ** piety under Fedhas
  5704 | D:6      | Reached skill level 12 in Ranged Weapons
  5747 | D:6      | Found a glowing drain.
  5757 | Sewer    | Entered a sewer
  5807 | Sewer    | Noticed Pargi
  5811 | Sewer    | Killed Pargi
  5812 | Sewer    | Reached XP level 9. HP: 43/52 MP: 14/14
  6757 | D:7      | Noticed Menkaure
  6770 | D:7      | Killed Menkaure
  6771 | D:7      | Reached skill level 5 in Invocations
  6880 | D:7      | Found a hazy altar of Hepliaklqana.
  7114 | D:7      | Reached skill level 5 in Fighting
  7123 | D:7      | Reached skill level 13 in Ranged Weapons
  7413 | D:7      | You fall into a shaft and drop 1 floor!
  8355 | D:8      | Reached skill level 14 in Ranged Weapons
  8355 | D:8      | Reached XP level 10. HP: 59/59 MP: 16/16
  8458 | D:8      | Noticed a two-headed ogre
  8507 | D:8      | Killed a two-headed ogre
  8631 | D:8      | Reached *** piety under Fedhas
  9226 | D:8      | Found a sacrificial altar of Ru.
  9523 | D:9      | Reached skill level 15 in Ranged Weapons
  9878 | D:9      | Noticed Erica
  9890 | D:9      | Reached skill level 1 in Spellcasting
 10295 | D:9      | Noticed Maurice
 10743 | D:9      | Found a staircase to the Lair.
 10765 | Lair:1   | Entered Level 1 of the Lair of Beasts
 10818 | Lair:1   | Reached XP level 11. HP: 58/66 MP: 15/18
 10869 | Lair:1   | Noticed Sonja
 10880 | Lair:1   | Killed Sonja
 10881 | Lair:1   | Reached skill level 16 in Ranged Weapons
 10917 | Lair:1   | Reached skill level 5 in Dodging
 10959 | Lair:1   | Reached skill level 5 in Spellcasting
 11279 | D:9      | Killed Maurice
 11371 | D:9      | Killed Erica
 11700 | D:10     | Entered Level 10 of the Dungeon
 12032 | D:10     | Noticed Amaemon
 12215 | D:10     | Found Rejykk's Assorted Antiques.
 12288 | D:10     | Noticed Urug
 12558 | D:10     | Killed Urug
 12614 | D:10     | Killed Amaemon
 12621 | D:10     | Reached XP level 12. HP: 75/75 MP: 21/24
 13231 | D:11     | Identified the +1 robe of the Wumpus {rCorr Int+5}
 13247 | D:11     | Found a staircase to the Orcish Mines.
 13334 | D:11     | Reached **** piety under Fedhas
 14676 | D:11     | Slain by a large slime creature

Illustrated notes

Levels and vault maps discovered:
D:1:      mainiacjoe_arrival_reflecting_pool, layout_loops_ring,
          minmay_indecisive_spiral
D:2:      layout_basic, minmay_misc_feat_rows
D:3:      layout_basic, mainiacjoe_overflow_large_starburst,
          minmay_misc_feat_doors, grunt_decor_cap, uniq_grinder
D:4:      layout_loops_ring, grunt_ashenzari_visionary
          [grunt_ashenzari_visionary_shoals, grunt_ashenzari_visionary_spider],
          minmay_temple_entry_ruins, minmay_crystal_water
D:5:      minmay_inner_zag, layout_basic, lemuel_crystal_altar,
          kennysheep_diamond
D:6:      layout_rooms, portal_sewer_entry_e, serial_shops, shop,
          dreamdust_princess_bridge
D:7:      layout_gridville, nicolae_hepliaklqana_hippocampus,
          hangedman_decor_clover_reticule, uniq_menkaure
D:8:      layout_loops_cross, minmay_ruined_shrine
D:9:      layout_basic, dpeg_oklobed_lair, uniq_maurice, uniq_erica
D:10:     layout_basic, serial_shops, shop, uniq_urug, uniq_amaemon
D:11:     layout_basic, hiddenorc1_lemuel, minmay_stone_trees_medium
D:12:     layout_rooms, ploomutoo_gammafunk_ghost_potion_laboratory, uniq_fannar
Temple:   minmay_crystal_spiral_temple
Lair:1:   layout_chaotic_city, enter_volcano_3, grunt_megastairs_2,
          lemuel_fruit_fields, uniq_sonja, uniq_maggie

Skill      XL: |  1  2  3  4  5  6  7  8  9 10 11 12 |
---------------+-------------------------------------+-----
Ranged Weapons | 6 7 8 9 10 12 14 15 16 | 16.0
Fighting       | 2 3 4 5 6 8 9 |  9.5
Armour         | 1 2 3 |  3.0
Invocations    | 2 4 6 7 9 |  9.9
Dodging        | 3 4 6 |  6.6
Stealth        | 2 3 |  3.7
Spellcasting   | 3 6 7 |  7.0
Throwing       | |  0.1
Evocations     | |  0.7

Action                     |  1- 3 |  4- 6 |  7- 9 | 10-12 || total
---------------------------+-------+-------+-------+-------++-------
  Melee: Rapier            |       |       |     6 |       ||     6
         Shortbow          |       |       |     1 |       ||     1
   Fire: Shortbow          |   104 |   216 |   471 |    78 ||   869
         Orcbow            |       |       |       |   707 ||   707
  Throw: Dart              |       |     3 |       |       ||     3
 Invoke: Wall of Briars    |       |       |     6 |    17 ||    23
         Grow Ballistomyce |       |       |       |     3 ||     3
  Evoke: Wand              |       |     4 |    22 |    16 ||    42
    Use: Scroll            |       |     5 |     2 |     6 ||    13
         Potion            |       |       |     1 |     4 ||     5
 Armour: Leather armour    |     6 |       |       |       ||     6
         Ring mail         |     4 |    29 |    99 |       ||   132
         Steam dragon scal |       |       |     1 |    33 ||    34
  Dodge: Dodged            |    13 |    55 |   130 |   171 ||   369

Table legend: (Time is in decaauts)
 A = Elapsed time spent in this place.
 B = Non-inter-level travel time spent in this place.
 C = Inter-level travel time spent in this place.
 D = Time resting spent in this place.
 E = Time spent auto-exploring this place.
 F = Levels seen in this place.
 G = Mean time per level.
                   A        B        C        D        E       F      G
               +--------+--------+--------+--------+--------+-----+--------+
         Total |  14545 |  13690 |    855 |   2801 |   7542 |  15 |  969.7 |
       Dungeon |  13918 |  13149 |    769 |   2801 |   7253 |  12 | 1159.8 |
        Temple |    218 |    132 |     86 |      0 |    112 |   1 |  218.0 |
          Lair |    209 |    209 |      0 |      0 |     22 |   1 |  209.0 |
         Sewer |    198 |    198 |      0 |      0 |    155 |   1 |  198.0 |
               +--------+--------+--------+--------+--------+-----+--------+

Top non-repeatable levels by time:
     D:8: 2069 daAuts
    D:10: 1600 daAuts
     D:9: 1575 daAuts
     D:5: 1560 daAuts
    D:11: 1231 daAuts
     D:4: 1222 daAuts
     D:6: 1194 daAuts
     D:7: 1111 daAuts
     D:3: 976 daAuts
     D:1: 771 daAuts
     D:2: 596 daAuts
  Temple: 218 daAuts
  Lair:1: 209 daAuts
   Sewer: 198 daAuts
    D:12: 8 daAuts
